 Dungeon Crawl Stone Soup version 0.29.1-2-gbd0b4ee654 (webtiles) character file.

Game seed: 12811211011154171437

291 Godmorgon the Trooper (level 6, 0/48 HPs)
             Began as a Formicid Abyssal Knight on Oct 28, 2022.
             Was a Priest of Lugonu.
             Succumbed to a kobold brigand's poison
             ... on level 6 of the Dungeon.
             The game lasted 00:09:42 (2937 turns).

Godmorgon the Trooper (Formicid Abyssal Knight)     Turns: 2937, Time: 00:09:43

Health: 0/48       AC:  7    Str: 19    XL:     6   Next: 59%
Magic:  8/8        EV:  9    Int: 13    God:    Lugonu [***...]
Gold:   104        SH:  0    Dex: 13    Spells: 5/5 levels left

rFire   . . .      SeeInvis +   a - +1 mace
rCold   . . .      Faith    .   (no shield)
rNeg    . . .      Spirit   .   o - +0 scale mail
rPois   .          Reflect  .   (helmet unavailable)
rElec   .          Harm     .   (no cloak)
rCorr   .          Rampage  .   (no gloves)
Will    .....                   i - +0 pair of boots
Stlth   ..........              (no amulet)
HPRegen 0.16/turn               (no ring)
MPRegen 0.11/turn               (no ring)

@: lethally poisoned (0 -> -9)
A: permanent stasis, dig shafts and tunnels, antennae 3, four strong arms,
clever 1, inability to read after injury 1
a: Dig, Shaft Self, Renounce Religion, Depart the Abyss, Bend Space, Banish


You were on level 6 of the Dungeon.
You worshipped Lugonu.
Lugonu was most pleased with you.
You visited 1 branch of the dungeon, and saw 4 of its levels.
You visited the Abyss 1 time.

You collected 104 gold pieces.

Inventory:

Hand Weapons
 a - a +1 mace (weapon)
 b - a +0 sling
Missiles
 g - 2 poisoned darts (quivered)
Armour
 i - a +0 pair of boots (worn)
 o - a +0 scale mail (worn)
Jewellery
 p - a +6 ring of intelligence
Scrolls
 c - a scroll of blinking {unknown}
 d - 2 scrolls of identify {unknown}
 e - a scroll of fog {unknown}
 j - a scroll of teleportation {unknown}
 k - 2 scrolls of amnesia {unknown}
 m - a scroll of fear {unknown}
 n - a scroll of enchant armour {unknown}
 q - a scroll of poison {unknown}
Potions
 l - a potion of mutation


   Skills:
 + Level 4.2 Fighting
 * Level 3.8 Maces & Flails
 * Level 3.0 Throwing
 - Level 2.1 Armour
 - Level 0.8 Dodging
 + Level 2.3 Shields
 + Level 3.5 Invocations


You had 5 spell levels left.
You didn't know any spells.
Your spell library was empty.

Dungeon Overview and Level Annotations

Branches:
Dungeon (3/15)

Altars:


Innate Abilities, Weirdness & Mutations

You cannot be hasted, slowed, berserked, paralysed or teleported.
You can dig through walls and to a lower floor.
You have a pair of large antennae on your head. (SInv)
Your four strong arms can wield two-handed weapons with a shield.
Your mind is acute. (Int +4, Str/Dex -1)
You occasionally lose the ability to read scrolls when taking damage.


Message History

The kobold shouts!
An orc comes into view. It is wielding a +0 vampiric dagger.
A kobold comes into view. It is wielding a +0 short sword.
The kobold brigand throws a poisoned dart.
The poisoned dart hits you!
You are poisoned.
A kobold comes into view. It is wielding a +0 whip.
The kobold attacks as you move away! The kobold barely misses you.
You feel sick.
The kobold enters a dispersal trap!
The orc blinks! x2
The kobold blinks! x3; The orc blinks!
The ogre blinks!
The kobold blinks!
The orc blinks!
The kobold brigand blinks!
You feel a strange sense of stasis.
The kobold blinks!
The kobold hits you but does no damage.
The kobold throws a stone.
The stone barely misses you.
Really walk into that dispersal trap?
The kobold brigand attacks as you move away!
The kobold brigand hits you with a +0 short sword.
* * * LOW HITPOINT WARNING * * *
You enter a dispersal trap!
The kobold blinks! x2; The orc blinks!
The ogre blinks!
The kobold blinks!
The orc blinks!
The kobold brigand blinks!
The ogre blinks!
The kobold blinks! x3; The orc blinks!
You feel a strange sense of stasis.
You feel sick. The orc hits you but does no damage.
The kobold brigand throws a poisoned dart.
The poisoned dart hits you!
You are lethally poisoned!
The kobold barely misses you.
There is a dispersal trap here.
* * * LOW HITPOINT WARNING * * *
You feel very sick.
The orc enters a dispersal trap!
The kobold blinks!
The orc blinks!
The kobold brigand blinks!
The kobold blinks!
The ogre blinks!
The kobold blinks! x2; You feel a strange sense of stasis.
The orc blinks!
The kobold closely misses you.
* * * LOW HITPOINT WARNING * * *
You feel very sick.
A kobold comes into view.
It is wielding a +1 short sword of venom.
The kobold attacks as you move away! The kobold hits you with a +0 dagger.
* * * LOW HITPOINT WARNING * * *
An orc comes into view. It is wielding a +0 mace.
You die...

##..#.#
##########..#.#
#...)..........
#.####.#.#....#
#.#{..###..#..)
#.#.##.#.#...##
#.....#.##.....
#####K....#.#######
#.@.K..o.O..#
#K###^.K..### #.#
#.oK..# #o# #.#.###
#.# #§..# #.# #.###
#.# #.# #.# #.#
#.#{§.#


You could see a kobold brigand, an ogre, 2 orcs and 4 kobolds.

Vanquished Creatures
  Edmund (D:6)
  Natasha (thrice) (D:2 D:1)
  An orc wizard (D:2)
  3 adders
  A shadow imp (D:6)
  3 orcs
  7 ball pythons
  3 endoplasms
  3 goblins
  6 hobgoblins
  4 kobolds
  4 bats
  4 frilled lizards (D:2)
  A rat (D:1)
44 creatures vanquished.

Notes
Turn   | Place    | Note
-------+----------+-------------------------------------------
     0 | Abyss:1  | Godmorgon the Formicid Abyssal Knight began the quest for
                  | the Orb.
     0 | Abyss:1  | Reached XP level 1. HP: 18/18 MP: 2/2
     1 | D:1      | Escaped the Abyss
   235 | D:1      | Reached XP level 2. HP: 24/24 MP: 3/3
   438 | D:1      | Reached skill level 1 in Throwing
   753 | D:1      | Reached XP level 3. HP: 18/29 MP: 4/4
  1383 | D:2      | Reached *** piety under Lugonu
  1533 | D:2      | Noticed Natasha
  1550 | D:2      | Killed Natasha
  1551 | D:2      | Reached XP level 4. HP: 14/37 MP: 6/6
  1851 | D:2      | Noticed Natasha
  1894 | D:1      | Killed Natasha
  1895 | D:1      | Reached skill level 1 in Shields
  1971 | D:1      | Noticed Natasha
  1982 | D:1      | Killed Natasha
  1983 | D:1      | Reached XP level 5. HP: 20/42 MP: 7/7
  2251 | D:2      | Reached skill level 4 in Fighting
  2754 | D:3      | You fall into a shaft and drop 3 floors!
  2856 | D:6      | Noticed Edmund
  2867 | D:6      | Noticed an ogre
  2884 | D:6      | Gained mutation: You occasionally lose the ability to read
                  | scrolls when taking damage. [potion of mutation]
  2884 | D:6      | Gained mutation: Your mind is acute. (Int +4, Str/Dex -1)
                  | [potion of mutation]
  2891 | D:6      | Killed Edmund
  2892 | D:6      | Reached XP level 6. HP: 9/48 MP: 8/8
  2937 | D:6      | HP: 2/48 [kobold/+0 dagger (2)]
  2937 | D:6      | Succumbed to a kobold brigand's poison

Illustrated notes

Levels and vault maps discovered:
D:1:      saegor_arrival_simple_c, layout_basic
D:2:      layout_basic, kennysheep_generic_room_13, uniq_natasha
D:3:      layout_basic, minivault_4
D:6:      layout_loops_ring, serial_shops, nicolae_shop_overgrown_old_shop,
          chequers_serial_rivers_small_b, uniq_edmund

Skill      XL: |  1  2  3  4  5 |
---------------+----------------+-----
Throwing       | 1 2 3 |  3.0
Maces & Flails | 3 |  3.8
Shields        | 1 2 |  2.3
Invocations    | 3 |  3.5
Fighting       | 4 |  4.2
Armour         | |  2.1
Dodging        | |  0.8

Action                   |  1- 3 |  4- 6 || total
-------------------------+-------+-------++-------
Melee: Mace              |    88 |    70 ||   158
       Punch             |     1 |       ||     1
 Fire: Sling             |       |     3 ||     3
Throw: Dart              |       |     4 ||     4
       Throwing net      |       |     1 ||     1
  Use: Potion            |       |     2 ||     2
Armor: Leather armour    |    21 |     8 ||    29
       Scale mail        |       |    14 ||    14
Dodge: Dodged            |    53 |    66 ||   119
